[Event "Titled Tuesday Blitz December 13 Late 2022"]
[White "Abasov, Nijat"]
[Black "Adewumi, Tanitoluwa"]
[WhiteFideId "13402960"]
[BlackFideId "30966396"]
[WhiteElo "2546"]
[BlackElo "2495"]
[Result "1/2-1/2"]
[Round "01"]
[TimeControl "180+1"]
[Date "2022.12.13"]
[WhiteClock "0:00:06"]
[BlackClock "0:00:05"]

1. d4 Nf6 2. Nf3 e6 3. Bf4 c5 4. e3 Nc6 5. Nc3 a6 6. d5 Nb4 7. d6 Nbd5 8. Nxd5 Nxd5 9. Bg3 Qb6 10. e4 Nf6 11. e5 Ne4 12. Bd3 Nxg3 13. hxg3 c4 14. Bxc4 Qb4+ 15. Nd2 b5 16. Qf3 Rb8 17. Bb3 Qd4 18. Qe3 Qxe3+ 19. fxe3 f6 20. Ne4 Bb7 21. Nc5 fxe5 22. O-O-O Bxg2 23. Rh2 Bf3 24. Rd3 e4 25. Rd4 Rb6 26. Rhd2 g6 27. a4 Bg7 28. Rb4 h5 29. Nxe4 Bxe4 30. Rxe4 g5 31. Rh2 Bf8 32. axb5 axb5 33. Re5 Bxd6 34. Rxg5 Ke7 35. Rhxh5 Rxh5 36. Rxh5 Bxg3 37. Kd2 Kd6 38. Ke2 Be5 39. c3 b4 40. c4 Rc6 41. Kd3 Bxb2 42. Rb5 Bc3 43. Ba4 Rc5 44. Rb7 Rc7 45. Rb6+ Ke7 46. Rb8 Ra7 47. Bc2 Be5 48. Rxb4 Ra3+ 49. Ke4 Kf6 50. Rb7 Rc3 51. Bd3 d5+ 52. cxd5 exd5+ 53. Kxd5 Rxd3+ 54. Ke4 Rd6 55. Rb5 Re6 56. Kd5 Bc7 57. e4 Re5+ 58. Kc6 Re7 59. Rf5+ Ke6 60. Rb5 Be5 61. Rb7 Re8 62. Rh7 Rc8+ 63. Kb7 Rc7+ 64. Rxc7 Bxc7 65. Kxc7 Ke5 66. Kc6 Kxe4 1/2-1/2


[Site "https://www.chess.com"]

[Event "Titled Tuesday Blitz December 13 Late 2022"]
[White "Adel, Sara"]
[Black "Pham, Khoi"]
[WhiteFideId "10616764"]
[BlackFideId "1054988"]
[WhiteElo "1997"]
[BlackElo "2532"]
[Result "1-0"]
[Round "01"]
[TimeControl "180+1"]
[Date "2022.12.14"]
[WhiteClock "0:02:05"]
[BlackClock "0:01:07"]

1. e4 c6 2. d4 d5 3. Nc3 dxe4 4. Nxe4 Nf6 5. Ng3 h5 6. Bc4 h4 7. N3e2 Bf5 8. Nf3 e6 9. Bg5 Nbd7 10. h3 Be7 11. Nf4 Nd5 12. Bxe7 Qxe7 13. Nd3 O-O-O 14. Qe2 N7b6 15. Bb3 Bxd3 16. Qxd3 Nf4 17. Qf1 e5 18. O-O-O e4 19. Ne5 f6 20. Nf7 Nbd5 21. Nxh8 Rxh8 22. Re1 f5 23. g3 hxg3 24. fxg3 Ne6 25. Qxf5 Rf8 26. Qxe4 Qg5+ 27. Kb1 Nec7 28. Rhf1 Re8 29. Qf5+ Qxf5 30. Rxe8+ Kd7 31. Rxf5 Kxe8 32. c3 Ke7 33. c4 Nf6 34. Kc1 Ke6 35. g4 Kd6 36. Rg5 Ne6 37. Rg6 c5 38. d5 Nd4 39. Rxg7 1-0


[Site "https://www.chess.com"]

[Event "Titled Tuesday Blitz December 13 Late 2022"]
[White "Aggelis, Nikolaos"]
[Black "Jacobson, Brandon"]
[WhiteFideId "4213220"]
[BlackFideId "30901561"]
[WhiteElo "2189"]
[BlackElo "2451"]
[Result "0-1"]
[Round "01"]
[TimeControl "180+1"]
[Date "2022.12.13"]
[WhiteClock "0:00:10"]
[BlackClock "0:00:40"]

1. c4 Nf6 2. Nf3 g6 3. h3 Bg7 4. Nc3 d5 5. cxd5 Nxd5 6. e4 Nxc3 7. dxc3 Qxd1+ 8. Kxd1 O-O 9. Kc2 Nd7 10. Bf4 Nc5 11. Re1 Be6 12. b3 f5 13. e5 Bd5 14. Nd2 Ne6 15. Bh2 Bh6 16. Bc4 Rad8 17. Bxd5 Rxd5 18. Nc4 Rfd8 19. Rd1 b5 20. Ne3 Bxe3 21. fxe3 Rxd1 22. Rxd1 Rxd1 23. Kxd1 Kf7 24. Ke2 Nc5 25. Bf4 Ke6 26. g4 fxg4 27. hxg4 Nd7 28. Kd3 Nxe5+ 29. Kd4 Nxg4 30. Bxc7 h5 31. Ke4 Nf6+ 32. Kf3 Kf5 33. c4 bxc4 34. bxc4 g5 35. Bb8 g4+ 36. Kg3 a6 37. c5 Ne4+ 38. Kh4 Nxc5 39. Kxh5 Nd7 40. Bc7 Nf6+ 41. Kh4 Ke4 42. Kg3 e5 43. Bd8 Nd5 44. Kxg4 Nxe3+ 45. Kg3 Nd5 46. Kf2 Kd3 47. Bg5 e4 48. a3 e3+ 49. Ke1 Nc3 50. Be7 Ne2 51. Bb4 Nd4 52. Kd1 Nc2 53. Bc5 e2+ 0-1


[Site "https://www.chess.com"]

[Event "Titled Tuesday Blitz December 13 Late 2022"]
[White "Andrews, Todd"]
[Black "Han, Yichen"]
[WhiteFideId "2012456"]
[BlackFideId "1054430"]
[WhiteElo "2332"]
[BlackElo "2323"]
[Result "1-0"]
[Round "01"]
[TimeControl "180+1"]
[Date "2022.12.14"]
[WhiteClock "0:00:35"]
[BlackClock "0:00:04"]

1. e4 g6 2. Nf3 Bg7 3. d3 c6 4. g3 d5 5. Nbd2 e5 6. Bg2 Ne7 7. O-O O-O 8. Re1 Nd7 9. c3 a5 10. a4 Nc5 11. Qc2 dxe4 12. dxe4 Be6 13. Bf1 h6 14. b4 axb4 15. cxb4 Na6 16. Ba3 Re8 17. Red1 Qc8 18. Nc4 Bxc4 19. Bxc4 Nc7 20. Bb2 b5 21. axb5 cxb5 22. Bb3 Na6 23. Qxc8 Rexc8 24. Rd7 Nc6 25. Bxf7+ Kh7 26. Nh4 Naxb4 27. Bxg6+ Kh8 28. Rxa8 Rxa8 29. Nf5 Ra2 30. Bc3 Bf8 31. Rh7+ Kg8 32. Rc7 Ra7 33. Rc8 Rb7 34. Nd6 Rb8 35. Rxb8 Nxb8 36. Bxb4 Nc6 37. Bc5 b4 38. Bf7+ Kg7 39. Bd5 Nd4 40. Nf5+ Nxf5 41. Bxf8+ Kxf8 42. exf5 Ke7 43. Kg2 Kd6 44. Bb3 Kc5 45. Kf3 Kd4 46. f6 Kc3 47. Be6 b3 48. Bxb3 Kxb3 49. Ke4 1-0


[Site "https://www.chess.com"]

[Event "Titled Tuesday Blitz December 13 Late 2022"]
[White "Antonova, Nadezhda"]
[Black "Richter, Paul"]
[WhiteFideId "14700182"]
[BlackFideId "2046350"]
[WhiteElo "1814"]
[BlackElo "2584"]
[Result "1/2-1/2"]
[Round "01"]
[TimeControl "180+1"]
[Date "2022.12.14"]
[WhiteClock "0:00:18"]
[BlackClock "0:00:27"]

1. Nf3 Nf6 2. b3 g6 3. Bb2 Bg7 4. g3 O-O 5. Bg2 d6 6. d4 Nbd7 7. O-O Re8 8. Nbd2 e5 9. dxe5 dxe5 10. e4 c6 11. Re1 Qc7 12. Nc4 Bf8 13. a4 b6 14. Qd2 Ba6 15. Bf1 Bb7 16. Rad1 Rad8 17. Nd6 Bxd6 18. Qxd6 Qxd6 19. Rxd6 Kf8 20. Red1 Ke7 21. Nxe5 Nxe5 22. Bxe5 Nxe4 23. Rxd8 Rxd8 24. Rxd8 Kxd8 25. Bd3 Nc5 26. Bf1 Ke7 27. Bg2 Nd7 28. Bc3 Kd6 29. f4 Ba6 30. Kf2 h5 31. Ke3 Bc8 32. Bh3 Bb7 33. Bxd7 Kxd7 34. Be5 a6 35. b4 c5 36. c3 Bc6 37. a5 cxb4 38. cxb4 bxa5 39. bxa5 Bb5 40. Bd4 Ke6 41. Bb6 Kf5 42. Kf2 Kg4 43. Kg1 Kf3 44. Bd8 Bc6 45. Bc7 Bd5 46. Bd8 Be6 47. Bc7 Bd5 48. Bd8 Kg4 49. Be7 Kf5 50. Bd8 f6 51. Bb6 g5 52. fxg5 fxg5 53. Bd8 Kg4 54. Be7 Be4 55. Bd8 Bd3 56. Be7 h4 57. gxh4 gxh4 58. Bd8 h3 59. Bc7 Bb5 60. Bb6 Kf3 61. Bc7 Bd7 62. Bb6 Ke4 63. Bc7 Kd5 64. Bb6 Kc6 65. Kf2 Be6 66. Kg3 Kb5 67. Kf4 Bd7 68. Ke3 Bc6 69. Kf2 Bg2 70. Kg3 Kc6 1/2-1/2


[Site "https://www.chess.com"]

[Event "Titled Tuesday Blitz December 13 Late 2022"]
[White "Arbunic Castro, Giovanna"]
[Black "Estrada Nieto, Julian"]
[WhiteFideId "3400549"]
[BlackFideId "5101018"]
[WhiteElo "1946"]
[BlackElo "2195"]
[Result "0-1"]
[Round "01"]
[TimeControl "180+1"]
[Date "2022.12.14"]
[WhiteClock "0:00:01"]
[BlackClock "0:00:23"]

1. e4 e5 2. d4 exd4 3. Qxd4 Nc6 4. Qe3 Nf6 5. Nc3 Be7 6. Bc4 O-O 7. Bd2 d6 8. O-O-O Ng4 9. Qe2 Nd4 10. Qe1 Ne5 11. Bb3 Be6 12. f4 Bxb3 13. axb3 Nec6 14. Nf3 a5 15. Be3 Nxf3 16. gxf3 Qe8 17. Rg1 Kh8 18. Qg3 g6 19. Nb5 Qd8 20. Bd2 Bf6 21. e5 dxe5 22. Bc3 Qe7 23. fxe5 Bg7 24. f4 a4 25. bxa4 Rxa4 26. b3 Re4 27. Rge1 Rxe1 28. Rxe1 Qe6 29. Nd4 Nxd4 30. Bxd4 b6 31. Rd1 c5 32. Bb2 Qf5 33. Qd3 Qxf4+ 34. Kb1 Bxe5 35. Bxe5+ Qxe5 0-1


[Site "https://www.chess.com"]

[Event "Titled Tuesday Blitz December 13 Late 2022"]
[White "Arnold, Ken"]
[Black "Bjelobrk, Igor"]
[WhiteFideId "2056836"]
[BlackFideId "4300726"]
[WhiteElo "2384"]
[BlackElo "2335"]
[Result "0-1"]
[Round "01"]
[TimeControl "180+1"]
[Date "2022.12.14"]
[WhiteClock "0:00:07"]
[BlackClock "0:00:23"]

1. d4 d5 2. c4 c6 3. cxd5 cxd5 4. Nf3 Nc6 5. Nc3 Bf5 6. e3 e6 7. Bb5 Bd6 8. O-O Ne7 9. Re1 O-O 10. h3 Rc8 11. a3 Na5 12. Bd2 h6 13. Qa4 a6 14. Bf1 Nc4 15. Bxc4 Rxc4 16. Qb3 b5 17. e4 dxe4 18. Nxe4 Nd5 19. Nxd6 Qxd6 20. Rac1 Nb6 21. Bb4 Qc7 22. Bxf8 Rxc1 23. Bc5 Rxe1+ 24. Nxe1 Nc4 25. Qc3 Qf4 26. Nf3 Be4 27. b3 Nd6 28. Bxd6 Qxd6 29. Qc5 Qf4 30. Ne5 f6 31. Nd7 Bd5 32. Qc8+ Kf7 33. Qf8+ Kg6 34. Qe8+ Kg5 35. Qb8 Bxb3 36. h4+ Qxh4 37. g3 Qe4 38. Qc7 Bd5 39. Qc1+ Kg6 40. Kf1 Qh1+ 0-1


[Site "https://www.chess.com"]

[Event "Titled Tuesday Blitz December 13 Late 2022"]
[White "Ballester Llagaria, Luis Eduardo"]
[Black "Torres Dominguez, David"]
[WhiteFideId "2297620"]
[BlackFideId "2220857"]
[WhiteElo "2344"]
[BlackElo "2037"]
[Result "1-0"]
[Round "01"]
[TimeControl "180+1"]
[Date "2022.12.14"]
[WhiteClock "0:00:57"]
[BlackClock "0:00:01"]

1. e4 Nc6 2. Nf3 e5 3. Bc4 Bc5 4. O-O Nf6 5. d4 Bxd4 6. Nxd4 Nxd4 7. f4 d6 8. fxe5 dxe5 9. Bg5 Qe7 10. Kh1 Be6 11. Na3 O-O-O 12. c3 Bxc4 13. Nxc4 Ne6 14. Bxf6 gxf6 15. Qf3 Nf4 16. g3 Rd3 17. Qf2 Qe6 18. b3 Ng6 19. Qxa7 Rhd8 20. Qa8+ Kd7 21. Qxb7 Ke7 22. Qxc7+ Kf8 23. Qc5+ Kg7 24. Rac1 Qg4 25. Qf2 Qxe4+ 26. Kg1 f5 27. Qxf5 Qxf5 28. Rxf5 f6 29. Rf2 Ra8 30. a4 Ne7 31. Nb6 Rc8 32. Rfc2 Rc7 33. a5 Nc6 34. Nc4 e4 35. a6 f5 36. Ra1 Kf6 37. Na5 Nxa5 38. Rxa5 e3 39. Kf1 Rd2 40. Rxd2 exd2 41. Ke2 Rd7 42. Kd1 Ra7 43. Kxd2 Ke6 44. Ke3 Kd6 45. Rxf5 1-0


[Site "https://www.chess.com"]

[Event "Titled Tuesday Blitz December 13 Late 2022"]
[White "Banzea, Alexandru-Bogdan"]
[Black "Yoo, Christopher Woojin"]
[WhiteFideId "1232622"]
[BlackFideId "30909694"]
[WhiteElo "2294"]
[BlackElo "2463"]
[Result "0-1"]
[Round "01"]
[TimeControl "180+1"]
[Date "2022.12.13"]
[WhiteClock "0:00:12"]
[BlackClock "0:00:09"]

1. d4 Nf6 2. Bf4 c5 3. e3 Nd5 4. Bg3 Qb6 5. c4 Qxb2 6. cxd5 Qxa1 7. Qc2 Na6 8. Bxa6 bxa6 9. Nf3 d6 10. O-O Rb8 11. dxc5 Qb2 12. Qe4 Rb4 13. Nd4 dxc5 14. d6 cxd4 15. d7+ Bxd7 16. Qa8+ Rb8 17. Bxb8 f6 18. Bxa7+ Kf7 19. Bxd4 Qxa2 20. Nc3 Qe6 21. Ra1 Bb5 22. Nxb5 axb5 23. Rb1 g6 24. Rxb5 Bg7 25. Qb7 Rc8 26. g3 Rc1+ 27. Kg2 Qc4 28. Bc5 Qf1+ 29. Kf3 Qh1+ 30. Ke2 Rc2+ 31. Kd3 Qxb7 32. Rxb7 Rxc5 33. Kd4 Rc2 34. f4 Rxh2 35. e4 Rg2 36. e5 fxe5+ 37. fxe5 Rxg3 38. Kd5 Rd3+ 39. Ke4 Rd1 40. Ra7 Re1+ 41. Kd5 Rxe5+ 42. Kd4 Ra5+ 0-1


[Site "https://www.chess.com"]

[Event "Titled Tuesday Blitz December 13 Late 2022"]
[White "Barria Zuniga, Daniel"]
[Black "Shapiro, Daniel"]
[WhiteFideId "3400816"]
[BlackFideId "2001780"]
[WhiteElo "2414"]
[BlackElo "2370"]
[Result "1-0"]
[Round "01"]
[TimeControl "180+1"]
[Date "2022.12.14"]
[WhiteClock "0:02:25"]
[BlackClock "0:01:19"]

1. d4 Nf6 2. c4 e6 3. Nf3 d5 4. Nc3 Bb4 5. Qa4+ Nc6 6. e3 O-O 7. Bd2 b6 8. Rd1 Bb7 9. Qc2 a6 10. a3 Bd6 11. b4 dxc4 12. Bxc4 Qe7 13. O-O e5 14. h3 Rfd8 15. Ng5 Rf8 16. Nd5 1-0


[Site "https://www.chess.com"]

[Event "Titled Tuesday Blitz December 13 Late 2022"]
[White "Bernat, David"]
[Black "Souleidis, Georgios"]
[WhiteFideId "2099225"]
[BlackFideId "4206827"]
[WhiteElo "2309"]
[BlackElo "2401"]
[Result "0-1"]
[Round "01"]
[TimeControl "180+1"]
[Date "2022.12.14"]
[WhiteClock "0:00:03"]
[BlackClock "0:00:09"]

1. c4 e5 2. g3 Nc6 3. Bg2 Bc5 4. Nc3 a6 5. e3 d6 6. Nge2 Ba7 7. O-O h5 8. h3 f5 9. d4 h4 10. dxe5 Nxe5 11. b3 hxg3 12. Nxg3 Ne7 13. Nd5 N7g6 14. Bb2 O-O 15. Nf4 Nxf4 16. exf4 Ng6 17. Bd5+ Rf7 18. Qh5 c6 19. Bxf7+ Kxf7 20. Nxf5 Qd7 21. Nxg7 Qxh3 22. Qg5 Qg4+ 23. Qxg4 Bxg4 24. Rae1 Rg8 25. f5 Nf4 26. Ne6 Bxf5+ 27. Ng7 Bh3 28. Kh2 Bd7 29. Rg1 Bxf2 30. Ref1 Nd3 31. Rg2 Rh8+ 32. Nh5 Rxh5# 0-1


[Site "https://www.chess.com"]

[Event "Titled Tuesday Blitz December 13 Late 2022"]
[White "Bettalli, Francesco"]
[Black "Galchenko, Matvey"]
[WhiteFideId "2816453"]
[BlackFideId "24175480"]
[WhiteElo "2446"]
[BlackElo "2849"]
[Result "0-1"]
[Round "01"]
[TimeControl "180+1"]
[Date "2022.12.14"]
[WhiteClock "0:00:03"]
[BlackClock "0:00:03"]

1. d4 Nf6 2. Nc3 d5 3. Bf4 a6 4. e3 b5 5. Nf3 e6 6. a3 Bb7 7. Bd3 Nbd7 8. O-O c5 9. dxc5 Nxc5 10. b4 Nxd3 11. cxd3 Be7 12. Rc1 O-O 13. Ne2 Rc8 14. Qd2 Qb6 15. Ned4 Nd7 16. Nb3 f6 17. d4 Rfe8 18. Nc5 Nxc5 19. dxc5 Qd8 20. Bg3 e5 21. Rfd1 Qd7 22. h3 Red8 23. Qc2 Qe6 24. Nd2 d4 25. Nb3 dxe3 26. fxe3 Bd5 27. Na5 f5 28. c6 h5 29. Nb7 Rf8 30. Nc5 Qxc6 31. Bxe5 Bc4 32. Bd4 f4 33. Qf2 fxe3 34. Qxe3 Rce8 35. Qg3 Rf7 36. Re1 Rd8 37. Rcd1 Rd6 38. Rd2 Rg6 39. Qb8+ Kh7 40. Qe5 Bg5 41. Be3 Re7 42. Qd4 Bf6 43. Qf4 Bc3 44. Qf5 Bxd2 45. Qxh5+ Kg8 46. Re2 Bxe3+ 47. Kh2 Bf4+ 48. Kh1 Rxe2 49. Qxg6 Qxg6 0-1


[Site "https://www.chess.com"]

[Event "Titled Tuesday Blitz December 13 Late 2022"]
[White "Bilan, Danila"]
[Black "Sadhwani, Raunak"]
[WhiteFideId "24161918"]
[BlackFideId "35093487"]
[WhiteElo "2182"]
[BlackElo "2657"]
[Result "0-1"]
[Round "01"]
[TimeControl "180+1"]
[Date "2022.12.13"]
[WhiteClock "0:00:02"]
[BlackClock "0:00:54"]

1. d4 Nf6 2. Nf3 d6 3. Bg5 Nbd7 4. Nbd2 e5 5. e4 Be7 6. c3 O-O 7. Bc4 c6 8. O-O b5 9. Bb3 Bb7 10. dxe5 dxe5 11. a4 a6 12. Qc2 Qc7 13. axb5 cxb5 14. Nh4 g6 15. Ba2 Nc5 16. Bxf6 Bxf6 17. Nhf3 Rfd8 18. Rfe1 Rac8 19. Nf1 Kg7 20. Ng3 h5 21. Bd5 Bxd5 22. exd5 Rxd5 23. Ne4 Nxe4 24. Qxe4 Rd6 25. Nxe5 Re8 26. f4 Rde6 27. Qd4 h4 28. Re2 h3 29. g3 Kg8 30. Rae1 Qb7 31. Qf2 Bd8 32. Nd3 Bb6 33. Nc5 Bxc5 34. Qxc5 Rxe2 35. Rxe2 Rxe2 0-1


[Site "https://www.chess.com"]

[Event "Titled Tuesday Blitz December 13 Late 2022"]
[White "Blanco Acevedo, Cristobal Jose"]
[Black "Sailer, Mike"]
[WhiteFideId "3900525"]
[BlackFideId "2012901"]
[WhiteElo "2273"]
[BlackElo "2109"]
[Result "1/2-1/2"]
[Round "01"]
[TimeControl "180+1"]
[Date "2022.12.14"]
[WhiteClock "0:00:37"]
[BlackClock "0:00:03"]

1. e4 d5 2. exd5 Qxd5 3. Nc3 Qd6 4. Nge2 Nf6 5. g3 Bf5 6. Bg2 c6 7. d3 e6 8. O-O Be7 9. Re1 O-O 10. Bf4 Qd8 11. Ne4 Nxe4 12. dxe4 Bg6 13. c3 Nd7 14. Qb3 Qb6 15. Rad1 Qxb3 16. axb3 Nb6 17. Be3 Rfd8 18. Nf4 Rxd1 19. Rxd1 Rd8 20. Ra1 Nc8 21. Nxg6 hxg6 22. e5 a6 23. f4 Rd7 24. Kf2 Bd8 25. Bf3 Bb6 26. Rd1 Bxe3+ 27. Kxe3 Rxd1 28. Bxd1 Kf8 29. Kd4 Ke7 30. b4 Kd7 31. c4 Kc7 32. g4 Ne7 33. Bc2 Kd7 34. h4 Ng8 35. f5 gxf5 36. gxf5 Nh6 37. fxe6+ Kxe6 38. Kc5 Kxe5 39. Kb6 Kd4 40. Bb3 f5 41. Kxb7 f4 42. Kxc6 f3 43. Bd1 f2 44. Be2 Nf5 45. b5 axb5 46. cxb5 Ng3 47. Bf1 Nxf1 48. b6 Ne3 49. b7 f1=Q 50. b8=Q Qf3+ 51. Kd7 Qf5+ 52. Ke8 Qe6+ 53. Kf8 Nd5 54. Qa7+ Ke4 55. Qxg7 Qf6+ 56. Qxf6 Nxf6 57. b4 Nd5 58. b5 Kf5 59. Kf7 Kg4 60. Ke6 Nc7+ 61. Kd7 Nxb5 62. h5 Kxh5 1/2-1/2


[Site "https://www.chess.com"]

[Event "Titled Tuesday Blitz December 13 Late 2022"]
[White "Bortnyk, Olexandr"]
[Black "Miller, Luke C"]
[WhiteFideId "14120828"]
[BlackFideId "2096935"]
[WhiteElo "2723"]
[BlackElo "2500"]
[Result "1-0"]
[Round "01"]
[TimeControl "180+1"]
[Date "2022.12.13"]
[WhiteClock "0:01:44"]
[BlackClock "0:01:48"]

1. e4 c5 2. c3 e6 3. d4 d5 4. exd5 exd5 5. Nf3 Nf6 6. Bb5+ Nc6 7. O-O cxd4 8. Nxd4 Bd7 9. Bg5 Be7 10. Bxf6 Bxf6 11. Re1+ Be7 12. Qe2 Nxd4 13. cxd4 O-O 14. Bxd7 Qxd7 15. Qxe7 Rfe8 16. Qb4 1-0


[Site "https://www.chess.com"]

[Event "Titled Tuesday Blitz December 13 Late 2022"]
[White "Boruchovsky, Avital"]
[Black "Jumanov, Elbek"]
[WhiteFideId "2800055"]
[BlackFideId "14202905"]
[WhiteElo "2816"]
[BlackElo "2440"]
[Result "1-0"]
[Round "01"]
[TimeControl "180+1"]
[Date "2022.12.14"]
[WhiteClock "0:00:11"]
[BlackClock "0:00:03"]

1. Nf3 Nf6 2. c4 c5 3. Nc3 Nc6 4. d4 cxd4 5. Nxd4 g6 6. e4 d6 7. Be2 Bg7 8. Be3 O-O 9. O-O Bd7 10. f3 Rc8 11. Qd2 a6 12. Rac1 Re8 13. b3 Qa5 14. Rb1 Qc7 15. Kh1 Qb8 16. a4 Nb4 17. Rfd1 Red8 18. Bf1 Be8 19. Qf2 e6 20. Nde2 Nd7 21. Rbc1 Nc5 22. Nd4 e5 23. Nc2 Nxc2 24. Qxc2 b5 25. axb5 axb5 26. Nxb5 Bxb5 27. cxb5 f5 28. b4 Nd7 29. Qb3+ Kh8 30. Rxc8 Rxc8 31. exf5 gxf5 32. Qe6 Nf6 33. Qxd6 Qb7 34. b6 e4 35. f4 Ng4 36. Qd8+ Rxd8 37. Rxd8+ Bf8 38. Bd4+ Kg8 39. Bc4+ Qf7 40. Bxf7+ Kxf7 41. Rxf8+ Kxf8 42. b7 1-0


[Site "https://www.chess.com"]

[Event "Titled Tuesday Blitz December 13 Late 2022"]
[White "Bryant, Todd"]
[Black "Rosen, Eric"]
[WhiteFideId "2031299"]
[BlackFideId "2032562"]
[WhiteElo "2326"]
[BlackElo "2362"]
[Result "1-0"]
[Round "01"]
[TimeControl "180+1"]
[Date "2022.12.14"]
[WhiteClock "0:00:04"]
[BlackClock "0:00:01"]

1. e4 c5 2. Nf3 d6 3. d4 Nf6 4. Nc3 cxd4 5. Nxd4 g6 6. Be3 Bg7 7. f3 a6 8. Qd2 h5 9. Bc4 b5 10. Bb3 Bb7 11. O-O-O Nbd7 12. Bg5 Qc7 13. Rhe1 Rb8 14. f4 b4 15. Nd5 Nxd5 16. exd5 Nf6 17. f5 Bxd5 18. Bxf6 Bxf6 19. Bxd5 Qc5 20. Nc6 Rb7 21. fxg6 fxg6 22. Re6 Rc7 23. Rde1 Kd7 24. Kb1 Rxc6 25. Bxc6+ Kxc6 26. Qd3 Kb6 27. R6e4 Rc8 28. c3 a5 29. Rc1 h4 30. b3 bxc3 31. Rc4 Qf5 32. Qxf5 gxf5 33. Rxc8 d5 34. R8xc3 Bxc3 35. Rxc3 1-0


[Site "https://www.chess.com"]

[Event "Titled Tuesday Blitz December 13 Late 2022"]
[White "Buchenau, Frank"]
[Black "Yanchenko, Roman"]
[WhiteFideId "4604350"]
[BlackFideId "4137329"]
[WhiteElo "2441"]
[BlackElo "2823"]
[Result "0-1"]
[Round "01"]
[TimeControl "180+1"]
[Date "2022.12.14"]
[WhiteClock "0:00:11"]
[BlackClock "0:01:28"]

1. e4 e6 2. Nc3 d5 3. Nf3 c5 4. exd5 exd5 5. d4 Nc6 6. Bb5 c4 7. O-O Bb4 8. Ne5 Ne7 9. Nxc6 bxc6 10. Ba4 Bxc3 11. bxc3 Qa5 12. Ba3 Qxa4 13. Bc5 Be6 14. Re1 Qa5 15. Rb1 Qc7 16. f4 O-O 17. Bxe7 Qxe7 18. f5 Rae8 19. Qf3 Qd6 20. fxe6 fxe6 21. Qe3 Rf7 22. Qe5 Qa3 23. Rb8 Re7 24. Rxe8+ Rxe8 25. Re3 Qc1+ 26. Kf2 Qxc2+ 27. Kg3 Qg6+ 28. Kh4 Qf6+ 29. Kg3 Qxe5+ 30. Rxe5 Kf7 31. Re2 Rb8 0-1


[Site "https://www.chess.com"]

[Event "Titled Tuesday Blitz December 13 Late 2022"]
[White "Campelo, Leandro Fabricio"]
[Black "Al-Tarboush, Ward"]
[WhiteFideId "2103346"]
[BlackFideId "7601450"]
[WhiteElo "2070"]
[BlackElo "2263"]
[Result "0-1"]
[Round "01"]
[TimeControl "180+1"]
[Date "2022.12.14"]
[WhiteClock "0:00:50"]
[BlackClock "0:01:03"]

1. e4 c5 2. Nf3 Nc6 3. d4 cxd4 4. Nxd4 Nf6 5. Nc3 e5 6. Ndb5 d6 7. Bg5 a6 8. Na3 b5 9. Bxf6 gxf6 10. Nd5 f5 11. Bd3 Be6 12. c3 Bg7 13. Nxb5 axb5 14. Bxb5 Bd7 15. O-O Rb8 16. a4 Ne7 17. Bxd7+ Qxd7 18. Nxe7 Qxe7 19. b4 fxe4 20. Qd5 O-O 21. Qxe4 Qe6 22. Rfd1 Rfc8 23. Ra3 f5 24. Qd5 Qxd5 25. Rxd5 Rxb4 26. g3 Rbc4 27. a5 Rxc3 28. Rxc3 Rxc3 29. Rxd6 Ra3 30. a6 e4 31. h4 h5 32. Kg2 Ra2 33. Kf1 Kh7 34. Rd5 Kg6 35. Rd6+ Bf6 36. Ke1 f4 37. gxf4 Kf5 38. Rd5+ Kxf4 39. Rxh5 Rxa6 40. Rh6 Bc3+ 0-1


[Site "https://www.chess.com"]

[Event "Titled Tuesday Blitz December 13 Late 2022"]
[White "Chlpik, Martin"]
[Black "Aguilar, Juan"]
[WhiteFideId "14923351"]
[BlackFideId "3800091"]
[WhiteElo "2109"]
[BlackElo "2539"]
[Result "0-1"]
[Round "01"]
[TimeControl "180+1"]
[Date "2022.12.14"]
[WhiteClock "0:00:01"]
[BlackClock "0:00:18"]

1. d4 Nf6 2. c4 g6 3. Nc3 d5 4. cxd5 Nxd5 5. e4 Nxc3 6. bxc3 Bg7 7. Be3 O-O 8. Qd2 Nc6 9. Bc4 e5 10. Ne2 exd4 11. cxd4 Re8 12. f3 Qh4+ 13. Bf2 Qe7 14. O-O Rd8 15. Rad1 b6 16. Qf4 h6 17. Bd5 Bb7 18. Rc1 Rd6 19. Rfd1 Rad8 20. Bb3 Na5 21. e5 R6d7 22. h4 Nxb3 23. axb3 a5 24. Ng3 Bd5 25. h5 Bxb3 26. Ne4 Bxd1 27. Rxd1 a4 28. Nf6+ Bxf6 29. exf6 Qd6 30. Qxh6 Qxf6 31. Be3 Rd5 32. hxg6 Qxg6 33. Qh4 a3 34. Ra1 Ra8 0-1


[Site "https://www.chess.com"]

[Event "Titled Tuesday Blitz December 13 Late 2022"]
[White "Cruz, William Ferreira Da"]
[Black "Chigaev, Maksim"]
[WhiteFideId "2118050"]
[BlackFideId "4108116"]
[WhiteElo "2223"]
[BlackElo "2542"]
[Result "0-1"]
[Round "01"]
[TimeControl "180+1"]
[Date "2022.12.13"]
[WhiteClock "0:00:04"]
[BlackClock "0:00:53"]

1. d4 Nf6 2. c4 g6 3. Nc3 Bg7 4. e4 d6 5. Nf3 O-O 6. Be2 e5 7. O-O exd4 8. Nxd4 Re8 9. f3 c6 10. Re1 d5 11. cxd5 cxd5 12. Bb5 Nc6 13. Bxc6 bxc6 14. e5 Nd7 15. f4 Bb7 16. b4 a5 17. b5 cxb5 18. Ncxb5 Nb6 19. Nd6 Nc4 20. Nxb7 Qb6 21. Nxa5 Rxa5 22. Be3 Nxe3 23. Rxe3 f6 24. Rb3 Qa6 25. exf6 Bxf6 26. Kh1 Ra4 27. Rd3 Re4 28. Nb3 Bxa1 29. Nxa1 Qxd3 0-1


[Site "https://www.chess.com"]

[Event "Titled Tuesday Blitz December 13 Late 2022"]
[White "Curtis, John"]
[Black "Di Berardino, Diego Rafael"]
[WhiteFideId "3200256"]
[BlackFideId "2105446"]
[WhiteElo "2203"]
[BlackElo "2441"]
[Result "0-1"]
[Round "01"]
[TimeControl "180+1"]
[Date "2022.12.14"]
[WhiteClock "0:00:01"]
[BlackClock "0:00:05"]

1. e4 c5 2. Nf3 b6 3. d4 cxd4 4. Nxd4 Bb7 5. Nc3 Nf6 6. f3 e6 7. Be3 Bc5 8. Qd2 O-O 9. Be2 d5 10. exd5 Nxd5 11. Nxd5 Qxd5 12. a3 Nc6 13. Nxc6 Qxc6 14. Bxc5 Qxc5 15. Bd3 Rfd8 16. O-O-O Rac8 17. Kb1 g6 18. Rhe1 Rd4 19. Qe2 Rcd8 20. c3 Rxd3 21. Rxd3 Qf5 22. Rd1 Ba6 23. Kc2 Rxd3 24. Rxd3 h5 25. Qe4 Bxd3+ 26. Qxd3 Qe5 27. g3 h4 28. Qd8+ Kg7 29. Qd4 Kf6 30. Qxe5+ Kxe5 31. Kd3 g5 32. b3 f5 33. Ke3 b5 0-1


[Site "https://www.chess.com"]

[Event "Titled Tuesday Blitz December 13 Late 2022"]
[White "Dias, Joao Batista"]
[Black "Droin, Augustin"]
[WhiteFideId "2108240"]
[BlackFideId "45105987"]
[WhiteElo "1898"]
[BlackElo "2316"]
[Result "0-1"]
[Round "01"]
[TimeControl "180+1"]
[Date "2022.12.14"]
[WhiteClock "0:02:00"]
[BlackClock "0:02:33"]

1. e4 c5 2. Nf3 d6 3. d4 cxd4 4. Nxd4 Nf6 5. Nc3 a6 6. Bd3 e5 7. Nde2 Be7 8. Ng3 O-O 9. O-O Re8 10. f4 Nc6 11. f5 b5 12. Be3 b4 13. Nce2 d5 14. exd5 Qxd5 15. b3 Bc5 16. Bxc5 Qxc5+ 17. Kh1 e4 18. Bc4 Ne5 19. Qd4 Qxd4 20. Nxd4 Nxc4 21. bxc4 Bd7 22. Rae1 Rac8 23. h3 Rxc4 24. Rf2 Rxd4 0-1


[Site "https://www.chess.com"]

[Event "Titled Tuesday Blitz December 13 Late 2022"]
[White "Dimitrov, Atanas"]
[Black "Grot, Blazej"]
[WhiteFideId "2901315"]
[BlackFideId "21835845"]
[WhiteElo "2642"]
[BlackElo "1823"]
[Result "1-0"]
[Round "01"]
[TimeControl "180+1"]
[Date "2022.12.14"]
[WhiteClock "0:01:18"]
[BlackClock "0:00:02"]

1. e4 d6 2. d4 Nf6 3. Nc3 e5 4. Nf3 Nbd7 5. h3 Be7 6. Be3 c6 7. a4 a5 8. Be2 Qc7 9. O-O O-O 10. dxe5 dxe5 11. Bc4 Nc5 12. Nd2 Be6 13. Bxc5 Bxc5 14. Bxe6 fxe6 15. Qe2 Rad8 16. Nc4 Rd4 17. Kh2 Rfd8 18. Rad1 Bb4 19. f3 Qb8 20. Ne3 Bxc3 21. bxc3 Rxa4 22. c4 Rxd1 23. Rxd1 b5 24. cxb5 cxb5 25. c3 b4 26. Qc4 Kf7 27. Qc6 Ra3 28. Rc1 Rxc3 29. Rxc3 bxc3 30. Qxc3 Qb6 31. Nc4 Qb4 32. Nxe5+ Kf8 33. Qc8+ Ne8 34. Qxe6 Qe7 35. Nd7+ Qxd7 36. Qxd7 1-0


[Site "https://www.chess.com"]